 Dungeon Crawl Stone Soup version 0.27-a0-1291-geefcff550b (webtiles) character file.

Game seed: 3997391325463308911

37 flotson the Sneak (level 3, -3/29 HPs)
             Began as a Demonspawn Delver on June 16, 2021.
             Slain by a centaur zombie (4 damage)
             ... on level 5 of the Dungeon.
             The game lasted 00:00:58 (262 turns).

flotson the Sneak (Demonspawn Delver)                Turns: 262, Time: 00:00:59

Health: -3/29      AC:  3    Str: 13    XL:     3   Next: 23%
Magic:  3/3        EV: 12    Int: 11    God:
Gold:   0          SH:  0    Dex: 14    Spells: 2/2 levels left

rFire    . . .     SeeInvis .   a - +0 hand axe
rCold    . . .     Faith    .   (no shield)
rNeg     . . .     Spirit   .   b - +0 leather armour
rPois    .         Reflect  .   (no helmet)
rElec    .         Harm     .   (no cloak)
rCorr    .         Rampage  .   (no gloves)
Will     .....                  (no boots)
Stlth    ++........             (no amulet)
HPRegen  0.09/turn              (no ring)
MPRegen  0.08/turn              (no ring)

@: no status effects
A: talons 1
a: no special abilities


You were on level 5 of the Dungeon.
You visited 1 branch of the dungeon, and saw 1 of its levels.

Inventory:

Hand Weapons
 a - a +0 hand axe (weapon)
Armour
 b - a +0 leather armour (worn)
Wands
 g - a wand of digging (2)
Scrolls
 c - a scroll of fog
 d - a scroll of magic mapping


   Skills:
 + Level 3.3 Fighting
 + Level 2.2 Axes
 + Level 1.1 Armour
 + Level 2.2 Dodging
 - Level 4.5 Stealth


You had 2 spell levels left.
You didn't know any spells.
Your spell library was empty.

Dungeon Overview and Level Annotations

Branches:
Dungeon (5/15)
 Temple: D:4-7

Altars:
Wu Jian


Innate Abilities, Weirdness & Mutations

You have sharp toenails.


Message History

The hound barks!
The centaur zombie hits you but does no damage.
The centaur zombie kicks you but does no damage.
The centaur zombie hits you. The centaur zombie kicks you.
The centaur zombie closely misses you.
The centaur zombie kicks you but does no damage.
The hound bites you. The hound bites you.
As you read the scroll of fear, it crumbles to dust.
You assume a fearsome visage.
The centaur zombie is unaffected.
The hound looks frightened!
You hit the centaur zombie.
The centaur zombie is moderately damaged.
The centaur zombie closely misses you.
The centaur zombie kicks you but does no damage.
The centaur zombie hits you. The centaur zombie misses you.
You completely miss the centaur zombie. You claw the centaur zombie.
The centaur zombie is heavily damaged.
The centaur zombie hits you but does no damage.
The centaur zombie kicks you.
You hit the centaur zombie.
The centaur zombie is heavily damaged.
The centaur zombie barely misses you.
The centaur zombie kicks you but does no damage.
The centaur zombie hits you.
* * * LOW HITPOINT WARNING * * *
The centaur zombie closely misses you.
You hit the centaur zombie. You claw the centaur zombie.
The centaur zombie is severely damaged.
The centaur zombie hits you.
* * * LOW HITPOINT WARNING * * *
The centaur zombie kicks you.
* * * LOW HITPOINT WARNING * * *
The centaur zombie hits you.
* * * LOW HITPOINT WARNING * * *
The centaur zombie closely misses you.
You hit the centaur zombie. You claw the centaur zombie.
The centaur zombie is almost destroyed.
The centaur zombie hits you.
You die...

####.#.. ##.#..J..
##########........
#.................
#.###########..... #.#
###..# #.# #..# #Z#
.... #@# #$## #.# #..
#.# ### ### ..
#.####8###8### ...
#.##8...8...8##...
######.##.........###..
#......._.........>#...
#########.........##...
###8...8...8##...


You could see a centaur zombie.

Vanquished Creatures
  A hound (D:5)
  A white imp (D:5)
2 creatures vanquished.

Notes
Turn   | Place    | Note
-------+----------+-------------------------------------------
     0 | D:5      | flotson the Demonspawn Delver began the quest for the Orb.
     0 | D:5      | Reached XP level 1. HP: 18/18 MP: 1/1
     2 | D:5      | Found an ornate altar of the Wu Jian Council.
    14 | D:5      | Noticed a hound
    33 | D:5      | Killed a hound
    34 | D:5      | Reached skill level 1 in Armour
    34 | D:5      | Gained mutation: You have sharp toenails. [demonic
                  | ancestry]
    34 | D:5      | Reached XP level 2. HP: 17/24 MP: 2/2
    34 | D:5      | Reached XP level 3. HP: 20/29 MP: 3/3
   261 | D:5      | HP: 1/29 [centaur zombie (3)]
   262 | D:5      | Slain by a centaur zombie

Illustrated notes

Levels and vault maps discovered:
D:5:      layout_cave_pools, gammafunk_temple_overflow_forgotten,
          nicolae_overflow_hidden_temple, cheibrodos_sewer_entry_bend,
          st_stairs_2

Skill      XL: |  1 |
---------------+----+-----
Axes           | 2 |  2.2
Armour         | 1 |  1.1
Dodging        | 2 |  2.2
Fighting       | |  3.3
Stealth        | |  4.5

Action                   || total
-------------------------++-------
Melee: Hand axe          ||    20
       Kick              ||     8
Evoke: Wand              ||     1
  Use: Potion            ||     1
       Scroll            ||     1
Armor: Leather armour    ||    11
Dodge: Dodged            ||    13

Table legend: (Time is in decaauts)
 A = Elapsed time spent in this place.
 B = Non-inter-level travel time spent in this place.
 C = Inter-level travel time spent in this place.
 D = Time resting spent in this place.
 E = Time spent auto-exploring this place.
 F = Levels seen in this place.
 G = Mean time per level.
                   A        B        C        D        E       F      G
               +--------+--------+--------+--------+--------+-----+--------+
         Total |    247 |    247 |      0 |      0 |    189 |   1 |  247.0 |
       Dungeon |    247 |    247 |      0 |      0 |    189 |   1 |  247.0 |
               +--------+--------+--------+--------+--------+-----+--------+

Top non-repeatable levels by time:
     D:5: 247 daAuts
